cohdb
Replays
Latest Replays
All Replays
Popular Replays
Top Player Replays
Match Explorer
How It Works
Community
CoH3 Stats
Reddit
Sign in to upload your games and track your stats! →
Sign in with Steam
Match 40320987
Unlisted
Match 40320987
Overview
Messages
Build Orders
End
Kettenkrad Recon Vehicle
Construct Infanterie Kompanie
MG 42 Machine Gun Team
Selects Terror Battlegroup
Selects Machine Gun Camouflage
MG 42 Machine Gun Team
Construct Panzergrenadier Kompanie
Panzergrenadier Squad
Panzergrenadier Squad
Selects Contempt for the Weak
Panzergrenadier Squad
Panzergrenadier Officer Quarters
Medical Station
Pak 40 Anti-tank Gun Team
Pak 40 Anti-tank Gun Team
Construct Panzer Kompanie
Pioneer Squad
Selects No Quarter
Panzer IV Medium Tank
Stoßtruppen Squad
Pak 40 Anti-tank Gun Team
Selects Propaganda Leaflet Drop
Panzer IV Medium Tank
Disarmed
Unsafe
RC40D
skychl4962
0
0
Comments
sign in to comment!
No comments posted yet!